 Seeded DCSS version 0.30-a0-339-g89bb51ec76 (webtiles) character file.

Game seed: 6122420014551130533 (custom seed)

135 koil the Trooper (level 5, -2/55 HPs)
             Began as an Ogre Cinder Acolyte on Nov 1, 2022.
             Was a High Priest of Ignis.
             Slain by a hobgoblin (5 damage)
             ... led by Robin
             ... on level 3 of the Dungeon.
             The game lasted 00:03:34 (1845 turns).

koil the Trooper (Ogre Cinder Acolyte)              Turns: 1845, Time: 00:03:34

Health: -2/55      AC:  3    Str: 18    XL:     5   Next: 18%
Magic:  8/8        EV:  9    Int: 17    God:    Ignis [*****.]
Gold:   182        SH:  0    Dex:  4    Spells: 3/8 levels left

rFire   + . .      SeeInvis .    a - -1 hand axe (flame)
rCold   . . .      Faith    .    (no shield)
rNeg    . . .      Spirit   .    b - +0 robe
rPois   .          Reflect  .    (helmet restricted)
rElec   .          Harm     .    (no cloak)
rCorr   .          Rampage  .    (gloves unavailable)
Will    .....                    (boots unavailable)
Stlth   +.........               (no amulet)
HPRegen 0.29/turn                (no ring)
MPRegen 0.11/turn                (no ring)

@: no status effects
A: large, unfitting armour, tough skin 1
a: Renounce Religion, Fiery Armour, Foxfire Swarm, Rising Flame


You were on level 3 of the Dungeon.
You worshipped Ignis.
Ignis was extremely pleased with you.
You visited 1 branch of the dungeon, and saw 3 of its levels.

You collected 182 gold pieces.

Inventory:

Hand Weapons
 a - a -1 hand axe of flaming (weapon)
Missiles
 l - 3 poisoned darts
Armour
 b - a +0 robe (worn)
Magical Staves
 f - a staff of fire
Jewellery
 o - a ring of positive energy
Scrolls
 c - a scroll of torment {unknown}
 e - a scroll of summoning {unknown}
 g - a scroll of brand weapon {unknown}
 h - a scroll of vulnerability {unknown}
 i - 6 scrolls of identify {unknown}
 k - a scroll of poison {unknown}
 m - a scroll of blinking {unknown}
 n - 2 scrolls of amnesia {unknown}
Potions
 d - 3 potions of resistance {unknown}
 j - 5 potions of curing {unknown}
 p - a potion of berserk rage {unknown}


   Skills:
 + Level 4.8 Fighting
 + Level 3.5 Axes
 + Level 1.4 Dodging
 + Level 2.4 Spellcasting
 + Level 1.1 Hexes
 + Level 3.2 Fire Magic


You had 3 spell levels left.
You knew the following spells:

 Your Spells              Type           Power      Damage    Failure   Level
a - Scorch                Fire           26%        2d6       8%          2
b - Confusing Touch       Hex            5%         N/A       34%         3

Your spell library contained the following spells:

 Spells                   Type           Power      Damage    Failure   Level
 Slow                     Hex            20%        N/A       12%         1
 Tukima's Dance           Hex            5%         N/A       34%         3
 Portal Projectile        Hex/Tloc       6%         N/A       41%         3
 Ozocubu's Armour         Ice            2%         N/A       50%         3
 Vampiric Draining        Necr           2%         2d6       50%         3
 Blade Hands              Tmut           1%         N/A       99%         5
 Ozocubu's Refrigeration  Ice            1%         4d7       100%        7


Dungeon Overview and Level Annotations

Branches:
Dungeon (3/15)

Altars:


Innate Abilities, Weirdness & Mutations

You are too large for most types of armour.
You have tough skin. (AC +1)


Message History

* * * LOW HITPOINT WARNING * * *
The goblin hits you but does no damage.
You hit Robin. You burn Robin.
Robin is heavily wounded.
You hit the goblin. You burn the goblin.
You kill the goblin!
Robin misses you.
You hit Robin but do no damage.
Robin is heavily wounded.
Robin hits you but does no damage.
You hit Robin but do no damage.
Robin is heavily wounded.
The hobgoblin no longer looks unusually strong.
Robin hits you with a +0 dagger.
* * * LOW HITPOINT WARNING * * *
You hit Robin. You burn Robin.
Robin is heavily wounded.
Robin hits you with a +0 dagger.
* * * LOW HITPOINT WARNING * * *
Robin hits you but does no damage.
You barely miss Robin.
Robin is heavily wounded.
Robin roars a battlecry!
The hobgoblin goes into a battle-frenzy!
You hit Robin. You burn Robin. You punch Robin.
Robin is almost dead.
Robin closely misses you.
You hit Robin. You burn Robin.
You kill Robin!
You hit the hobgoblin. You burn the hobgoblin.
The hobgoblin is heavily wounded.
The hobgoblin closely misses you.
You barely miss the hobgoblin.
The hobgoblin is heavily wounded.
The hobgoblin hits you.
* * * LOW HITPOINT WARNING * * *
You closely miss the hobgoblin.
The hobgoblin is heavily wounded.
The hobgoblin hits you.
You die...

#.# # #.#######.##...#
#......†..†..#
#####.#.....##
#..>.....#
##...........
##........>##.
###########.#.#.....##
.....gg@))....#....##
###########.###.#....
##.. ###### ###


You could see 2 hobgoblins.

Vanquished Creatures
  An iguana (D:3)
  Robin (D:3)
  5 adders
  A worm (D:3)
  A dart slug (D:3)
  An orc (D:3)
  8 endoplasms
  A giant cockroach (D:1)
  8 goblins
  4 hobgoblins
  A jackal (D:2)
  A quokka (D:3)
  4 bats
  A frilled lizard (D:1)
  4 kobolds
  3 rats
45 creatures vanquished.

Notes
Turn   | Place    | Note
-------+----------+-------------------------------------------
     0 | D:1      | koil the Ogre Cinder Acolyte began the quest for the Orb.
     0 | D:1      | Reached XP level 1. HP: 24/24 MP: 2/2
    67 | D:1      | Reached XP level 2. HP: 29/32 MP: 4/4
    70 | D:1      | Learned a level 2 spell: Scorch
   749 | D:2      | Reached XP level 3. HP: 17/40 MP: 2/5
   900 | D:2      | Reached skill level 1 in Dodging
   991 | D:2      | Learned a level 3 spell: Confusing Touch
  1375 | D:2      | Reached XP level 4. HP: 49/49 MP: 7/7
  1745 | D:3      | Reached XP level 5. HP: 53/55 MP: 3/8
  1818 | D:3      | Reached skill level 1 in Hexes
  1818 | D:3      | Noticed Robin
  1842 | D:3      | Killed Robin
  1845 | D:3      | Slain by a hobgoblin

Illustrated notes

Levels and vault maps discovered:
D:1:      minmay_arrival_up_and_down, layout_basic
D:2:      layout_rooms, hangedman_decor_riveting, minmay_distorted
D:3:      layout_loops_ring, chequers_serial_rivers_small_3,
          dilly_guarded_unrand_throatcut, uniq_robin

Skill      XL: |  1  2  3  4  5 |
---------------+----------------+-----
Dodging        | 1 |  1.4
Fire Magic     | 3 |  3.2
Spellcasting   | 2 |  2.4
Hexes          | 1 |  1.1
Fighting       | |  4.8
Axes           | |  3.5

Action                   |  1- 3 |  4- 6 || total
-------------------------+-------+-------++-------
Melee: Hand axe          |    83 |    45 ||   128
       Punch             |       |     1 ||     1
Throw: Dart              |     2 |       ||     2
 Cast: Scorch            |     4 |    12 ||    16
Armor: Robe              |    26 |    20 ||    46
Dodge: Dodged            |    49 |    23 ||    72

Table legend: (Time is in decaauts)
 A = Elapsed time spent in this place.
 B = Non-inter-level travel time spent in this place.
 C = Inter-level travel time spent in this place.
 D = Time resting spent in this place.
 E = Time spent auto-exploring this place.
 F = Levels seen in this place.
 G = Mean time per level.
                   A        B        C        D        E       F      G
               +--------+--------+--------+--------+--------+-----+--------+
         Total |   1863 |   1811 |     52 |      0 |   1478 |   3 |  621.0 |
       Dungeon |   1863 |   1811 |     52 |      0 |   1478 |   3 |  621.0 |
               +--------+--------+--------+--------+--------+-----+--------+

Top non-repeatable levels by time:
     D:2: 793 daAuts
     D:1: 713 daAuts
     D:3: 356 daAuts
